 Dungeon Crawl Stone Soup version 0.21-a0-274-gc1afaeb (webtiles) character file.

5396 Lavandula the Grappler (level 10, -8/90 HPs)
             Began as a Ghoul Warper on Sept 19, 2017.
             Was a Priest of Cheibriados.
             Mangled by a death yak (24 damage)
             ... on level 10 of the Dungeon.
             The game lasted 00:34:15 (4831 turns).

Lavandula the Grappler (Ghoul Warper)               Turns: 4831, Time: 00:34:16

Health: -8/90      AC:  7    Str: 29    XL:     10   Next: 66%
Magic:  0/14       EV: 15    Int: 15    God:    Cheibriados [***...]
Gold:   101        SH:  0    Dex: 17    Spells: 1/16 levels left

rFire    . . .     SeeInvis .     - Unarmed
rCold    + . .     Gourm    .   (no shield)
rNeg     + + +     Faith    .   a - +0 leather armour
rPois    ∞         Spirit   +   h - +2 helmet
rElec    .         Reflect  .   u - scarf {repulsion}
rCorr    .         Harm     .   (no gloves)
MR       .....                  D - +0 pair of boots
Stlth    +.........             U - amulet of guardian spirit
HPRegen  0.00/turn              v - ring of wizardry
MPRegen  0.14/turn              T - +5 ring of strength

@: about to teleport, rotting, repel missiles, very slow
A: rotting body, claws 1, carnivore 3, cold resistance 1, negative energy
resistance 3, inhibited regeneration, torment resistance, unbreathing
a: Bend Time, Temporal Distortion, Renounce Religion


You were on level 10 of the Dungeon.
You worshipped Cheibriados.
Cheibriados was most pleased with you.
You were not hungry.

You visited 2 branches of the dungeon, and saw 11 of its levels.

You collected 353 gold pieces.
You spent 252 gold pieces at shops.

Inventory:

Hand Weapons
 k - a cursed +0 mace
 t - a cursed -1 whip
 R - the +8 spear of the Sixty-Six Gods {vamp, +Inv}
   (You found it on level 9 of the Dungeon)

   It inflicts no extra harm, but heals its wielder when it wounds a living foe.
   It lets you turn invisible.
Missiles
 d - 5 tomahawks of dispersal
 l - 4 tomahawks (quivered)
 z - 2 throwing nets
 G - 2 silver javelins
Armour
 a - a +0 leather armour (worn)
 h - a +2 helmet (worn)
 u - a scarf of repulsion (worn)
 D - a +0 pair of boots (worn)
 N - a +1 helmet
Jewellery
 m - a +4 amulet of reflection
 s - an uncursed amulet of magic regeneration
 v - a ring of wizardry (left claw)
 E - a +1 ring of protection
 T - a +5 ring of strength (right claw)
 U - an amulet of guardian spirit (around neck)
Wands
 x - a wand of lightning (1/15)
 K - a wand of acid (8/15)
 L - a wand of flame (28/48)
 P - a wand of iceblast (5/15)
Scrolls
 c - 2 scrolls of blinking
 e - 2 scrolls of recharging
 g - a scroll of magic mapping
 o - a scroll of enchant weapon {unknown}
 r - 5 scrolls of teleportation
 y - a scroll of remove curse
 A - 3 scrolls of amnesia
 B - a scroll of immolation
 O - a scroll of fog {unknown}
 V - a scroll of acquirement {unknown}
Potions
 i - a potion of lignification {unknown}
 n - 2 potions of agility
 p - a potion of flight {unknown}
 q - 4 potions of curing
 w - 2 potions of invisibility
 C - a potion of haste {unknown}
 H - a potion of heal wounds
 J - 2 potions of might {unknown}
 M - a potion of cancellation {unknown}
 Q - a potion of mutation {unknown}
Books
 b - a book of Spatial Translocations

   Spells                             Type                      Level
   a - Blink                          Translocation                2
   b - Shroud of Golubria             Charms/Translocation         2
   c - Lesser Beckoning               Translocation                3
   d - Gell's Gravitas                Translocation                3
   e - Teleport Other                 Translocation                3
   f - Passage of Golubria            Translocation                4
 I - a book of Necromancy

   Spells                             Type                      Level
   a - Pain                           Necromancy                   1
   b - Animate Skeleton               Necromancy                   1
   c - Vampiric Draining              Necromancy                   3
   d - Regeneration                   Charms/Necromancy            3
   e - Animate Dead                   Necromancy                   4
   f - Control Undead                 Necromancy                   4
 S - a book of Conjurations

   Spells                             Type                      Level
   a - Magic Dart                     Conjuration                  1
   b - Searing Ray                    Conjuration                  2
   c - Dazzling Spray                 Conjuration/Hexes            3
   d - Fulminant Prism                Conjuration/Hexes            4
   e - Force Lance                    Conjuration/Translocation    4
   f - Iskenderun's Mystic Blast      Conjuration                  4
Comestibles
 f - 5 meat rations
 j - 2 royal jellies
 F - 5 chunks of flesh


   Skills:
 - Level 8.6 Fighting
 - Level 0.8 Throwing
 - Level 0.8 Armour
 - Level 5.4 Dodging
 - Level 11.5 Unarmed Combat
 + Level 3.9 Spellcasting
 - Level 1.1 Charms
 - Level 1.2 Necromancy
 - Level 4.7 Translocations


You had one spell level left.
You knew the following spells:

 Your Spells              Type           Power        Failure   Level  Hunger
a - Blink                 Tloc           N/A          1%          2    ##.....
b - Shroud of Golubria    Chrm/Tloc      ##........   3%          2    ##.....
c - Teleport Other        Tloc           ###.....     3%          3    ###....
d - Animate Skeleton      Necr           N/A          4%          1    None
e - Passage of Golubria   Tloc           N/A          12%         4    ####...
f - Regeneration          Chrm/Necr      #.........   16%         3    ###....


Dungeon Overview and Level Annotations

Branches:
Dungeon (10/15)            Temple (1/1) D:6             Orc (0/2) D:9
   Lair: D:8-11

Altars:
Ashenzari
Cheibriados
Dithmenos
Elyvilon
Fedhas
Gozag
Hepliaklqana
Kikubaaqudgha
Makhleb
Nemelex Xobeh
Okawaru
Ru
Trog
Uskayaw
Xom
Yredelemnul
The Shining One

Shops:
D:5 ?   D:7 !

Annotations:
D:3 2 transporters
D:4 Teflin's ghost, amateur DsFi


Innate Abilities, Weirdness & Mutations

Your body is rotting away.
You thrive on raw meat.
You are immune to poison.
You have sharp fingernails.
You are carnivorous and can eat meat at any time.
Your flesh is cold resistant. (rC+)
You are immune to negative energy. (rN+++)
You do not regenerate when monsters are visible.
You are immune to unholy pain and torment.
You can survive without breathing.


Message History

Your orc wizard skeleton hits the death yak but does no damage.
Unknown command.
You open the door.
Your orc wizard skeleton closely misses the hound.
The death yak gores you!
* * * LOW HITPOINT WARNING * * *
There is an open door here.
Eat one of 7 chunks of flesh? (ye/n/q)
You eat one of the 7 chunks of flesh.
This raw flesh tastes great!
The death yak gores you but does no damage.
Eat one of 6 chunks of flesh? (ye/n/q)
You eat one of the 6 chunks of flesh.
This raw flesh tastes great!
Your orc wizard skeleton closely misses the hound.
The death yak gores you!!
* * * LOW HITPOINT WARNING * * *
Evoke which item? (* to show all) (? for menu, Esc to quit)
Okay, then.
As you read the scroll of teleportation, it crumbles to dust.
You feel strangely unstable. The death yak gores you!!
You die...

################......#..
........†.............# .
#...#..............>.# .
##....#########..# #.)..#
...#..# #....#### ...# .#
#.......# ...# .
#.....ZY##...##
......hYY@....#
..##.....##.....# .
#.....# ...#.# .# #.....#
#### ........ #........
......... ...####


You could see 3 death yaks, a hound and a friendly orc wizard skeleton.

Vanquished Creatures
  The ghost of Zsanart the Archer, a journeyman CeHu of Okawaru (D:9)
  A queen bee (D:8)
  Grinder (D:6)
  A hippogriff (D:8)
  Eustachio (D:6)
  Edmund (D:5)
  Menkaure (D:5)
  A water moccasin (D:8)
  A phantom (D:6)
  A porcupine (D:10)
  2 black bears
  3 sky beasts
  An orc warrior (D:9)
  2 ice beasts
  An ogre (D:5)
  2 big kobolds
  2 bullfrogs
  3 scorpions
  13 killer bees
  12 wights
  A howler monkey (D:4)
  2 crimson imps (D:5)
  A quasit (D:8)
  4 hounds
  3 jellies
  Crazy Yiuf (D:7)
  2 orc priests
  2 centaur skeletons
  2 iguanas
  7 orc wizards
  5 worker ants
  A killer bee zombie (D:8)
  2 hound skeletons
  3 gnolls (D:8)
  7 adders
  2 shadow imps
  2 worms
  A dart slug (D:1)
  5 leopard geckos
  24 orcs
  7 bats
  6 giant cockroaches
  5 goblins
  7 hobgoblins
  11 jackals
  4 quokkas
  3 ball pythons
  6 frilled lizards
  16 kobolds
  A quokka skeleton (D:6)
  6 rats
200 creatures vanquished.

Vanquished Creatures (collateral kills)
  A hound (D:9)
  A killer bee zombie (D:9)
  An orc (D:9)
  A rat (D:10)
4 creatures vanquished.

Vanquished Creatures (others)
  A worm (D:3)
  A hobgoblin (D:3)
2 creatures vanquished.

Grand Total: 206 creatures vanquished

Notes
Turn   | Place    | Note
-------+----------+-------------------------------------------
     0 | D:1      | Lavandula the Ghoul Warper began the quest for the Orb.
     0 | D:1      | Reached XP level 1. HP: 17/17 MP: 2/2
   169 | D:1      | Reached XP level 2. HP: 24/24 MP: 3/3
   188 | D:1      | Reached skill level 3 in Unarmed Combat
   375 | D:1      | Reached XP level 3. HP: 20/29 MP: 4/4
   514 | D:2      | Learned a level 2 spell: Blink
   517 | D:2      | Learned a level 2 spell: Shroud of Golubria
   643 | D:2      | Reached XP level 4. HP: 37/38 MP: 5/5
   692 | D:3      | Found a shadowy altar of Dithmenos.
   717 | D:3      | Found a white marble altar of Elyvilon.
   935 | D:3      | Noticed an eye of draining
   936 | D:3      | Found a glowing golden altar of the Shining One.
   937 | D:3      | Noticed a troll
   941 | D:3      | Found a transporter.
   997 | D:4      | Reached XP level 5. HP: 34/47 MP: 2/6
  1082 | D:4      | Reached skill level 4 in Unarmed Combat
  1262 | D:3      | Found a transporter.
  1302 | D:4      | Reached skill level 5 in Unarmed Combat
  1359 | D:4      | Noticed Teflin's ghost (amateur DsFi)
  1360 | D:4      | Reached XP level 6. HP: 15/53 MP: 3/7
  1467 | D:4      | Noticed an orc warrior
  1499 | D:5      | Entered Level 5 of the Dungeon
  1562 | D:5      | Learned a level 3 spell: Teleport Other
  1568 | D:5      | Noticed Menkaure
  1702 | D:4      | Reached XP level 7. HP: 31/60 MP: 1/8
  1704 | D:4      | Reached skill level 6 in Unarmed Combat
  1902 | D:4      | Found a hide-covered altar of Uskayaw.
  1902 | D:4      | Found a hazy altar of Hepliaklqana.
  1902 | D:4      | Found a bloodstained altar of Trog.
  1903 | D:4      | Found a shimmering altar of Xom.
  2106 | D:5      | Reached skill level 7 in Unarmed Combat
  2112 | D:5      | Found Pityceet's Magic Scroll Boutique.
  2119 | D:5      | Noticed Edmund
  2140 | D:5      | Killed Edmund
  2148 | D:5      | Bought a scroll of amnesia for 42 gold pieces
  2148 | D:5      | Bought a scroll of immolation for 42 gold pieces
  2148 | D:5      | Bought a scroll of identify for 24 gold pieces
  2148 | D:5      | Bought a scroll of identify for 24 gold pieces
  2173 | D:5      | Found a blossoming altar of Fedhas.
  2205 | D:5      | Reached skill level 8 in Unarmed Combat
  2338 | D:5      | Reached XP level 8. HP: 37/67 MP: 9/9
  2534 | D:5      | Killed Menkaure
  2534 | D:5      | Reached skill level 9 in Unarmed Combat
  2541 | D:6      | Noticed Grinder
  2564 | D:6      | Killed Grinder
  2564 | D:6      | Reached skill level 10 in Unarmed Combat
  2716 | D:6      | Reached XP level 9. HP: 68/72 MP: 12/12
  2851 | D:6      | Found a staircase to the Ecumenical Temple.
  2872 | Temple   | Entered the Ecumenical Temple
  2880 | Temple   | Became a worshipper of Cheibriados the Contemplative
  2957 | D:6      | Noticed Eustachio
  2970 | D:6      | Killed Eustachio
  3161 | D:7      | Found an ancient bone altar of Kikubaaqudgha.
  3168 | D:7      | Found a white marble altar of Elyvilon.
  3413 | D:7      | Reached skill level 5 in Dodging
  3456 | D:8      | Learned a level 1 spell: Animate Skeleton
  3461 | D:8      | Learned a level 4 spell: Passage of Golubria
  3632 | D:7      | Learned a level 3 spell: Regeneration
  3666 | D:7      | Found a runed door.
  3671 | D:7      | Noticed Crazy Yiuf
  3674 | D:7      | Killed Crazy Yiuf
  3735 | D:8      | Reached skill level 1 in Necromancy
  3748 | D:8      | Reached * piety under Cheibriados
  3748 | D:8      | Reached skill level 1 in Charms
  3870 | D:7      | Found Doec's Distillery.
  3874 | D:7      | Bought a potion of heal wounds for 60 gold pieces
  3874 | D:7      | Bought a potion of agility for 48 gold pieces
  3874 | D:7      | Bought a potion of degeneration for 12 gold pieces
  4083 | D:8      | Reached skill level 5 in Fighting
  4162 | D:8      | Reached ** piety under Cheibriados
  4216 | D:8      | Reached XP level 10. HP: 77/84 MP: 12/14
  4478 | D:9      | Found a basalt altar of Yredelemnul.
  4555 | D:9      | Got an ancient spear
  4556 | D:9      | Identified the +8 spear of the Sixty-Six Gods {vamp, +Inv} (You found it on level 9 of the Dungeon)
  4665 | D:9      | Noticed Zsanart's ghost (journeyman CeHu)
  4687 | D:9      | Killed Zsanart's ghost
  4687 | D:9      | Reached *** piety under Cheibriados
  4687 | D:9      | Reached skill level 11 in Unarmed Combat
  4723 | D:10     | Entered Level 10 of the Dungeon
  4809 | D:10     | Noticed a death yak
  4812 | D:10     | Noticed a death yak
  4817 | D:10     | Noticed a death yak
  4831 | D:10     | Mangled by a death yak

Vault maps used:
D:1:      minmay_arrival_doors
D:2:      minmay_wonky_spiral, nicolae_qazlal_general_emergency,
          chequers_ecumenical_altar_simple, minmay_tetromino_t2
D:3:      gammafunk_temple_overflow_arena, fiery_altar_vehumet,
          nicolae_overflow_crystal_walls, kennysheep_big_empty_room,
          elyvilon_altar_4
D:4:      chequers_temple_overflow_statue_of_worship, first_bread
D:5:      serial_shops, shop, st_stairs_12, fedhas_altar_4, uniq_edmund,
          uniq_menkaure
D:6:      marbit_many_paths, minmay_temple_entry_steel_oval, uniq_grinder,
          uniq_eustachio
D:7:      kiku_gazebo_pond_becter, lemuel_round_altar, serial_shops,
          nicolae_shop_crystal, uniq_crazy_yiuf_cottage
D:8:      david_nohive_1
D:9:      yredelemnul_forgotten_temple_becter, david_orc_4
D:10:     dpeg_lair_monsters, serial_shops, nicolae_shop_statue_plus
Temple:   eino_temple_lava

Skill      XL: |  1  2  3  4  5  6  7  8  9 10 |
---------------+-------------------------------+-----
Unarmed Combat | 3 5 8 10 11 | 11.5
Fighting       | 3 4 6 8 |  8.6
Translocations | 4 |  4.7
Spellcasting   | 3 |  3.9
Dodging        | 2 5 |  5.4
Necromancy     | 1 |  1.2
Charms         | 1 |  1.1
Throwing       | |  0.8
Armour         | |  0.8

Action                   |  1- 3 |  4- 6 |  7- 9 | 10-12 || total
-------------------------+-------+-------+-------+-------++-------
Melee: Unarmed           |   130 |   213 |   371 |   124 ||   838
       Punch             |     1 |     4 |    11 |     4 ||    20
       Spear             |       |       |       |     4 ||     4
Throw: Tomahawk          |       |     3 |     6 |       ||     9
 Cast: Shroud of Golubri |     1 |    14 |    26 |     8 ||    49
       Blink             |       |       |     4 |     1 ||     5
       Animate Skeleton  |       |       |       |    10 ||    10
       Regeneration      |       |       |       |     2 ||     2
Evoke: Wand              |       |       |     3 |       ||     3
  Use: Scroll            |       |     2 |     7 |     4 ||    13
       Potion            |       |       |     1 |       ||     1
 Stab: Distracted        |       |       |       |     1 ||     1
  Eat: Chunk             |    15 |    27 |    55 |    11 ||   108
Armor: Leather armour    |    32 |    30 |    66 |    15 ||   143
Dodge: Dodged            |    80 |    97 |   178 |    57 ||   412
       Deflected         |       |       |     1 |       ||     1
Block: Other             |       |    19 |    54 |    10 ||    83
       Reflection        |       |       |     1 |       ||     1

Table legend:
 A = Spawn XP
 B = Non-spawn XP
 C = Spawn XP percentage of total XP
 D = Spawn monster count
 E = Non-spawn monster count
 F = Spawn count percentage of total count
 G = Total turns spent on level
                    A         B        C        D         E        F      G
               +---------+---------+-------+---------+---------+-------+---------
         Total |       0 |    7709 |   0.0 |       0 |     204 |   0.0 |  4831
               +---------+---------+-------+---------+---------+-------+---------
           D:1 |       0 |      43 |   0.0 |       0 |      24 |   0.0 |   497
           D:2 |       0 |      42 |   0.0 |       0 |      16 |   0.0 |   177
           D:3 |       0 |      78 |   0.0 |       0 |      24 |   0.0 |   518
           D:4 |       0 |     577 |   0.0 |       0 |      27 |   0.0 |   788
           D:5 |       0 |    1118 |   0.0 |       0 |      26 |   0.0 |   611
           D:6 |       0 |    1059 |   0.0 |       0 |      17 |   0.0 |   455
           D:7 |       0 |     273 |   0.0 |       0 |       7 |   0.0 |   809
           D:8 |       0 |    2517 |   0.0 |       0 |      38 |   0.0 |   526
           D:9 |       0 |    1575 |   0.0 |       0 |      15 |   0.0 |   325
          D:10 |       0 |     427 |   0.0 |       0 |      10 |   0.0 |   108
               +---------+---------+-------+---------+---------+-------+---------
